 Dungeon Crawl Stone Soup version 0.25-a0-265-g7af84ae0ac (webtiles) character file.

Game seed: 11521304197408307216, levelgen mode: deterministic

7165 floatRand the Soothsayer (level 10, -9/67 HPs)
             Began as a Demonspawn Gladiator on Dec 8, 2019.
             Was a Priest of Nemelex Xobeh.
             Killed from afar by a twister (13 damage)
             ... with a tornado
             ... summoned by a card of wild magic
             ... in a Gauntlet.
             The game lasted 00:13:45 (10221 turns).

floatRand the Soothsayer (Demonspawn Gladiator)    Turns: 10221, Time: 00:13:45

Health: -9/67      AC:  8    Str: 21    XL:     10   Next: 86%
Magic:  18/18      EV: 18    Int: 10    God:    Nemelex Xobeh [***...]
Gold:   621        SH:  0    Dex: 16    Spells: 9/9 levels left

rFire    . . .     SeeInvis .   J - +6 broad axe (vamp)
rCold    + . .     Gourm    +   (no shield)
rNeg     . . .     Faith    .   b - +0 leather armour
rPois    .         Spirit   .   c - +1 helmet
rElec    .         Reflect  .   (no cloak)
rCorr    .         Harm     .   w - +2 pair of gloves
MR       +....     NoTele   +   (no boots)
Stlth    +++.......             s - amulet of the gourmand
HPRegen  0.21/turn              m - ring of protection from magic
MPRegen  0.16/turn              S - ring of protection from cold

@: mighty, flying (expiring), slowed, very slow
A: hooves 2, repulsion field 1, powered by pain 2
a: Draw Escape, Draw Destruction, Draw Summoning, Triple Draw, Renounce Religion


You were in a Gauntlet.
You worshipped Nemelex Xobeh.
Nemelex Xobeh was most pleased with you.
You were very full.

You visited 3 branches of the dungeon, and saw 13 of its levels.
You also visited: Sewer and Gauntlet.

You collected 621 gold pieces.

Inventory:

Hand Weapons
 a - a +1 war axe
 I - a +0 war axe of chopping
 J - a +6 vampiric broad axe (weapon)
 Q - a +2 vampiric lajatang
Missiles
 d - 3 throwing nets (quivered)
 h - 2 silver javelins
 o - 24 javelins
 K - a boomerang of dispersal
Armour
 b - a +0 leather armour (worn)
 c - a +1 helmet (worn)
 w - a +2 pair of gloves (worn)
Jewellery
 e - an uncursed ring of stealth {unknown}
 m - a ring of protection from magic (left hand)
 s - an amulet of the gourmand (around neck)
 t - an uncursed ring of wizardry
 E - an uncursed ring of positive energy
 P - an uncursed ring of ice {unknown}
 S - a ring of protection from cold (right hand)
Wands
 x - a wand of clouds (6)
 C - a wand of paralysis (4)
 D - a wand of polymorph (10)
 L - a wand of scattershot (5)
 O - a wand of enslavement (10)
Scrolls
 g - 2 scrolls of teleportation
 l - 7 scrolls of remove curse
 u - 4 scrolls of amnesia
 v - 4 scrolls of magic mapping
 y - a scroll of fog
 F - a scroll of blinking
 H - a scroll of identify
Potions
 i - 2 potions of lignification
 j - 6 potions of curing
 k - 2 potions of mutation
 n - 3 potions of haste
 p - 2 potions of brilliance
 q - a potion of invisibility
 r - 2 potions of cancellation
 z - a potion of ambrosia {unknown}
 A - 2 potions of agility {unknown}
 B - 2 potions of heal wounds
 G - a potion of magic
 M - a potion of might {unknown}
 N - a potion of degeneration {unknown}
Comestibles
 f - 14 rations
 R - 4 chunks of flesh


   Skills:
 - Level 2.0 Fighting
 * Level 9.6 Axes
 - Level 1.7 Throwing
 + Level 6.9 Dodging
 + Level 6.7 Stealth
 * Level 11.8 Invocations


You had 9 spell levels left.
You didn't know any spells.
Your spell library was empty.

Dungeon Overview and Level Annotations

Branches:
Dungeon (11/15)            Temple (1/1) D:7            Lair (1/6) D:9
  Sewer (visited)         Gauntlet (1/1)
    Orc: D:9-12

Altars:
Ashenzari
Cheibriados
Dithmenos
Elyvilon
Fedhas
Gozag
Hepliaklqana
Kikubaaqudgha
Makhleb
Nemelex Xobeh
Okawaru
Qazlal
Ru
Sif Muna
Trog
Uskayaw
Vehumet
Wu Jian
Xom
Yredelemnul
Zin
The Shining One

Shops:
D:5 (

Annotations:
Gauntlet 9 transporters, exclusion: obsidian statue


Innate Abilities, Weirdness & Mutations

You have hoof-like feet.
You are surrounded by a mild repulsion field. (EV +2)
You sometimes gain power by taking damage.


Message History

The air around the spectral redback burns with energy!
The vortex of raging winds lifts you up.
You fly up into the air.
A huge vortex of air appears!
Freezing gases pour from the harpy zombie's hands!
You feel a surge of magic.
You are engulfed in dark miasma.
You are more poisoned.
* * * LOW HITPOINT WARNING * * *
x2 You feel extremely sick.
The spectral redback bites you.
* * * LOW HITPOINT WARNING * * *
The spectral redback barely misses you. The death drake bites your twister!
Unknown command.
Unknown command.
Unknown command.
You feel better.
You float gracefully downwards.
The vortex of raging winds lifts you up.
You fly up into the air.
* * * LOW HITPOINT WARNING * * *
You die...
Your body glows with a rainbow of weird colours and disappears.

.....................≈###
......................#8#
######...###########..###
.....#.8.#.........#..#
..##.#...#..##§##..#..###
.#.#.#####}##§§§##Z#..#8#
.##..#...#!#.§§§k#§#..###
©.#..#©.©#©..§§§vZ§#©.#
.##..#...#"#.§§°@#Z#..###
.#.#.#####Z##§§Z##.#..#8
..##.#...#Z.##§##..#..###
.....#...#kZ.......#..#
######...###########.§###
.......≈.............§#8#
......≈8≈........∩...∩#
.......≈.............≈#
######...###########..#


You could see a death drake, a spectral redback, a harpy zombie, a hornet zombie
and a friendly twister.

Vanquished Creatures
  Pikel (D:4)
  A hornet (D:9)
  A hippogriff (Lair:1)
  A blink frog (D:9)
  5 dream sheep (Lair:1)
  9 yaks
  A basilisk (Lair:1)
  Eustachio (D:6)
  A wyvern (D:5)
  2 steam dragons (D:10)
  A porcupine (Lair:1)
  2 ice beasts
  4 sky beasts
  Purgy (Sewer)
  2 swamp drakes
  A black bear (D:8)
  5 ogres
  5 centaurs
  3 bullfrogs
  A wyvern skeleton (D:6)
  5 scorpions
  5 killer bees (D:9)
  3 crimson imps (D:6)
  2 hounds
  A jelly (D:7)
  3 orc priests
  2 orc wizards
  A centaur skeleton (D:6)
  2 iguanas
  5 worker ants
  A hound skeleton (D:5)
  Robin (D:4)
  A howler monkey skeleton (D:5)
  7 adders
  4 gnolls (D:5)
  A river rat (D:4)
  A shadow imp (D:5)
  An ooze (D:5)
  2 adder zombies (D:5)
  An adder skeleton (D:4)
  6 worms
  A leopard gecko (D:1)
  18 orcs
  4 giant cockroaches
  14 goblins
  8 hobgoblins
  9 jackals
  3 quokkas
  4 bats
  5 frilled lizards
  7 kobolds
  A leopard gecko skeleton (D:6)
  11 rats
188 creatures vanquished.

Vanquished Creatures (collateral kills)
  An orc warrior (D:6)
  A slave (D:4)
  A bullfrog (D:6)
  A jelly (D:6)
  A hound (D:6)
  2 orcs (D:6)
7 creatures vanquished.

Vanquished Creatures (others)
  A porcupine (D:9)
  A jackal (D:9)
  A ball python (D:4)
  2 rats
5 creatures vanquished.

Grand Total: 200 creatures vanquished

Notes
Turn   | Place    | Note
-------+----------+-------------------------------------------
     0 | D:1      | floatRand the Demonspawn Gladiator began the quest for the
                  | Orb.
     0 | D:1      | Reached XP level 1. HP: 16/16 MP: 1/1
   421 | D:1      | Gained mutation: You sometimes gain a little power by
                  | taking damage. [demonic ancestry]
   421 | D:1      | Reached XP level 2. HP: 22/22 MP: 2/2
   914 | D:2      | Reached skill level 1 in Stealth
  1189 | D:2      | Reached XP level 3. HP: 16/27 MP: 3/3
  1897 | D:2      | You fall into a shaft and drop 1 floor!
  1915 | D:3      | Gained mutation: You are surrounded by a mild repulsion
                  | field. (EV +2) [demonic ancestry]
  1915 | D:3      | Reached XP level 4. HP: 27/33 MP: 4/4
  2388 | D:3      | Found a sparkling altar of Nemelex Xobeh.
  2392 | D:3      | Became a worshipper of Nemelex Xobeh the Trickster
  2482 | D:3      | Gained mutation: You have large cloven feet. [demonic
                  | ancestry]
  2482 | D:3      | Reached XP level 5. HP: 38/38 MP: 5/5
  2556 | D:3      | Received a gift from Nemelex Xobeh
  2956 | D:4      | Noticed Pikel
  2956 | D:4      | Noticed a slave
  2956 | D:4      | Noticed a slave
  2956 | D:4      | Noticed a slave
  2958 | D:4      | Noticed a slave
  2972 | D:4      | Killed a slave
  2977 | D:4      | Killed Pikel
  2977 | D:4      | Reached skill level 5 in Axes
  2977 | D:4      | Reached skill level 3 in Invocations
  2977 | D:4      | Gained mutation: You sometimes gain power by taking damage.
                  | [demonic ancestry]
  2977 | D:4      | Reached XP level 6. HP: 6/44 MP: 5/8
  3007 | D:4      | Found a glowing drain.
  3049 | D:4      | Reached skill level 4 in Invocations
  3181 | Sewer    | Entered a sewer
  3186 | Sewer    | Reached XP level 7. HP: 42/50 MP: 10/10
  3230 | Sewer    | Noticed Purgy
  3248 | Sewer    | Killed Purgy
  3546 | D:4      | Noticed Robin
  3568 | D:4      | Killed Robin
  3781 | D:4      | Reached * piety under Nemelex Xobeh
  3916 | D:5      | Entered Level 5 of the Dungeon
  4024 | D:5      | Received a gift from Nemelex Xobeh
  4100 | D:5      | Reached skill level 5 in Invocations
  4176 | D:5      | Noticed a wyvern
  4193 | D:5      | Killed a wyvern
  4193 | D:5      | Gained mutation: You have hoof-like feet. [demonic
                  | ancestry]
  4193 | D:5      | Reached XP level 8. HP: 35/56 MP: 12/12
  4347 | D:5      | Reached skill level 6 in Invocations
  4454 | D:5      | Found Muekol's Antique Weapon Emporium.
  5023 | D:6      | Noticed Eustachio
  5030 | D:6      | Killed Eustachio
  5030 | D:6      | Reached skill level 7 in Invocations
  5081 | D:6      | Reached skill level 5 in Dodging
  5634 | D:6      | Reached skill level 8 in Invocations
  5634 | D:6      | Reached XP level 9. HP: 61/61 MP: 13/15
  6054 | D:6      | Reached skill level 5 in Stealth
  6560 | D:7      | Found a staircase to the Ecumenical Temple.
  6578 | D:7      | Noticed a two-headed ogre
  6582 | D:7      | HP: 3/61 [ogre/+0 giant spiked club (24)]
  6948 | Temple   | Entered the Ecumenical Temple
  7233 | D:7      | Reached skill level 9 in Invocations
  7420 | D:7      | Identified a scroll of acquirement
  7644 | D:8      | Reached ** piety under Nemelex Xobeh
  7801 | D:8      | Received a gift from Nemelex Xobeh
  8289 | D:9      | Reached skill level 10 in Invocations
  8292 | D:9      | HP: 2/61 [yak (7)]
  8605 | D:9      | Reached XP level 10. HP: 67/67 MP: 17/17
  9039 | D:9      | Found a sparkling altar of Nemelex Xobeh.
  9059 | D:9      | Found a staircase to the Lair.
  9344 | D:9      | Received a gift from Nemelex Xobeh
  9446 | D:10     | Entered Level 10 of the Dungeon
  9496 | D:10     | Reached *** piety under Nemelex Xobeh
  9678 | D:10     | Noticed a spiny frog
  9678 | D:10     | a yak changed into a spiny frog
  9679 | D:10     | a spiny frog changed into an iguana
  9922 | D:11     | Noticed a manticore
  9982 | Lair:1   | Entered Level 1 of the Lair of Beasts
  9985 | Lair:1   | Reached skill level 11 in Invocations
 10005 | Lair:1   | Received a gift from Nemelex Xobeh
 10066 | Lair:1   | Found a gate leading to a gauntlet.
 10085 | Gauntlet | Entered a Gauntlet
 10085 | Gauntlet | Found a transporter.
 10085 | Gauntlet | Found a transporter.
 10085 | Gauntlet | Noticed a death drake
 10085 | Gauntlet | Noticed a queen ant
 10089 | Gauntlet | Found a transporter.
 10089 | Gauntlet | Found a transporter.
 10096 | Gauntlet | Found a transporter.
 10101 | Gauntlet | Found a transporter.
 10104 | Gauntlet | Found a transporter.
 10120 | Gauntlet | Found a transporter.
 10120 | Gauntlet | Noticed an obsidian statue
 10121 | Gauntlet | Found a transporter.
 10141 | Gauntlet | Found a transporter.
 10143 | Gauntlet | Found the +2 pair of boots of the Assassin {Detection Stab+
                  | Stlth++}
 10153 | Gauntlet | Noticed a spiny frog
 10153 | Gauntlet | a hog changed into a spiny frog
 10221 | Gauntlet | Killed from afar by a twister

Levels and vault maps discovered:
D:1:      dpeg_arrival_fog, layout_loops_corners
D:2:      layout_rooms
D:3:      layout_loops_cross, first_ration, grunt_decor_resistance,
          serial_park_tiny_2, nemelex_diamond_rough_becter
D:4:      layout_gridville, portal_sewer_entry_a, uniq_pikel, uniq_robin
D:5:      layout_cave_pools, serial_shops, shop
D:6:      minmay_spotlight, layout_rooms, minmay_fractal_squares_5,
          uniq_eustachio
D:7:      layout_rooms, minmay_temple_entry_junction
D:8:      layout_loops_corners
D:9:      layout_stronghold, nemelex_altar_shiori, lair_entry_dummy
D:10:     layout_roguey
D:11:     layout_gridville, serial_shops, shop, hangedman_ranch
          [blue_anna_fruit_fields], uniq_erica, uniq_grum
Temple:   nicolae_temple_the_god_donut
Lair:1:   layout_chaotic_city, gauntlet_entry_generic, serial_bayou,
          serial_bayou_pond_e, serial_bayou_shore_b, serial_bayou_pond_e,
          serial_bayou_pond_b, beast_lair_carwin_4, uniq_harold
Gauntlet: gammafunk_gauntlet_shortcut [gammafunk_gauntlet_arena_split_diamond,
          gammafunk_gauntlet_arena_corners, gammafunk_gauntlet_arena_spirals,
          gammafunk_gauntlet_arena_crates, gammafunk_gauntlet_arena_mazey,
          gammafunk_gauntlet_arena_hedges,
          nicolae_gauntlet_exit_dead_adventurers]

Skill      XL: |  1  2  3  4  5  6  7  8  9 10 |
---------------+-------------------------------+-----
Axes           | 3 4 5 7 8 9 |  9.6
Stealth        | 1 2 3 4 5 6 |  6.7
Dodging        | 3 4 5 6 |  6.9
Invocations    | 3 4 5 8 10 11 | 11.8
Fighting       | |  2.0
Throwing       | |  1.7

Action                   |  1- 3 |  4- 6 |  7- 9 | 10-12 || total
-------------------------+-------+-------+-------+-------++-------
Melee: War axe           |    86 |    95 |   291 |       ||   472
       Kick              |       |     7 |    99 |    27 ||   133
       Broad axe         |       |       |    55 |    94 ||   149
Throw: Javelin           |       |     1 |       |       ||     1
       Throwing net      |       |     1 |       |       ||     1
 Abil: Draw Destruction  |       |     3 |     9 |     5 ||    17
       Draw Summoning    |       |     2 |     4 |       ||     6
       Draw Escape       |       |       |     3 |       ||     3
  Use: Potion            |       |     1 |       |     1 ||     2
       Scroll            |       |       |    22 |     7 ||    29
 Stab: Sleeping          |     3 |       |     8 |     1 ||    12
       Held in net/web   |       |     1 |       |       ||     1
       Confused          |       |       |       |     3 ||     3
  Eat: Chunk             |     1 |    14 |    16 |     6 ||    37
       Ration            |     1 |       |       |       ||     1
Armor: Leather armour    |    19 |    21 |   104 |    16 ||   160
Dodge: Dodged            |    68 |    91 |   373 |   106 ||   638

Table legend:
 A = Non-vault XP
 B = Vault XP
 C = Vault XP percentage of total XP
 D = Non-vault monster count
 E = Vault monster count
 F = Vault count percentage of total count
                 A         B        C        D         E       F
            +---------+---------+-------+---------+---------+-------
      Total |    8924 |    1313 |  12.8 |     162 |      33 |  16.9
            +---------+---------+-------+---------+---------+-------
        D:1 |      25 |       0 |   0.0 |      15 |       0 |   0.0
        D:2 |      64 |       0 |   0.0 |      16 |       0 |   0.0
        D:3 |     116 |       0 |   0.0 |      19 |       0 |   0.0
        D:4 |      77 |     537 |  87.5 |      11 |      17 |  60.7
        D:5 |     789 |       0 |   0.0 |      19 |       0 |   0.0
        D:6 |    1334 |     637 |  32.3 |      30 |      10 |  25.0
        D:7 |     253 |       0 |   0.0 |       8 |       0 |   0.0
        D:8 |     578 |       0 |   0.0 |       7 |       0 |   0.0
        D:9 |    1741 |       0 |   0.0 |      14 |       0 |   0.0
       D:10 |     824 |       0 |   0.0 |       9 |       0 |   0.0
     Lair:1 |    3123 |       0 |   0.0 |      14 |       0 |   0.0
      Sewer |       0 |     139 | 100.0 |       0 |       6 | 100.0
            +---------+---------+-------+---------+---------+-------
